 Dungeon Crawl Stone Soup version 0.16.1-29-g3e760ad (webtiles) character file.

63608 Dekkres the Bludgeoner (level 14, -3/137 HPs)
             Began as a Minotaur Berserker on June 7, 2015.
             Was a High Priest of Trog.
             Slain by an orc warrior
             ... wielding a +0 glaive
             ... led by an orc warlord
              (19 damage)
             ... on level 4 of the Orcish Mines.
             The game lasted 02:33:18 (21581 turns).

Dekkres the Bludgeoner (Minotaur Berserker)        Turns: 21581, Time: 02:33:18

Health: -3/137     AC: 18    Str: 27      XL:     14   Next: 68%
Magic:  5/5        EV: 13    Int:  2 (4)  God:    Trog [*****.]
Gold:   1237       SH:  0    Dex: 10      Spells: 0 memorised, 13 levels left

rFire  . . .     SeeInvis .     m - +9 great mace (protect)
rCold  + . .     Clarity  .     d - +0 ring mail of the Hidden Beds {-Tele rElec rC+ rN+ MR+}
rNeg   + . .     SustAb   .     (no shield)
rPois  +         Gourm    .     S - +2 hat {MR+}
rElec  +         Spirit   .     Y - +0 cloak
rCorr  .         Warding  .     (no gloves)
rMut   .         NoTele   +     O - +0 pair of boots
MR     +++..                    B - amulet of faith
Stlth  ++........               C - ring of stealth
                                X - ring of poison resistance

@: exhausted, slowed, very slow, extremely resistant to hostile enchantments,
unstealthy
A: retaliatory headbutt, horns 2
a: Burn Spellbooks, Berserk, Trog's Hand, Brothers in Arms, Renounce Religion


You were on level 4 of the Orcish Mines.
You worshipped Trog.
Trog was extremely pleased with you.
You were not hungry.

You visited 3 branches of the dungeon, and saw 23 of its levels.

You collected 2029 gold pieces.
You spent 792 gold pieces at shops.

Inventory:

Hand weapons
 m - a +9 great mace of protection (weapon)
 s - a +9 greatsling
 v - a +4 antimagic morningstar
 I - a +4 longbow of flaming
 K - a +1 great sword of flaming
 Q - a +5 antimagic great mace
Missiles
 D - 2 poisoned tomahawks (quivered)
Armour
 d - the +0 ring mail of the Hidden Beds (worn) {-Tele rElec rC+ rN+ MR+}
   (You bought it in a shop on level 4 of the Orcish Mines)

   It protects you from cold.
   It insulates you from electricity.
   It protects you from negative energy.
   It affects your resistance to hostile enchantments.
   It prevents most forms of teleportation.
 n - a +0 plate armour
 O - a +0 pair of boots (worn)
 S - a +2 hat of magic resistance (worn)
 Y - a +0 cloak (worn)
Jewellery
 B - an amulet of faith (around neck)
 C - a ring of stealth (right hand)
 R - an uncursed amulet of clarity {unknown}
 X - a ring of poison resistance (left hand)
Scrolls
 e - 3 scrolls of fear
 k - 4 scrolls of amnesia
 o - 5 scrolls of remove curse
 r - a scroll of recharging
 t - 3 scrolls of magic mapping
 u - a scroll of identify
 x - a scroll of vulnerability {unknown}
 A - a scroll of blinking
 F - 4 scrolls of enchant weapon
 L - a scroll of teleportation
 M - a scroll of fog
Potions
 f - a potion of poison
 g - 2 potions of restore abilities
 h - a potion of magic {unknown}
 j - a potion of lignification
 p - 2 potions of mutation
 w - a potion of degeneration
 z - a potion of resistance
 E - 2 potions of curing
 G - 2 potions of might {unknown}
 J - a potion of agility
 P - a potion of berserk rage
 U - a potion of ambrosia {unknown}
 V - a potion of flight {unknown}
 W - a potion of cure mutation {unknown}
 Z - a potion of beneficial mutation {unknown}
Miscellaneous
 i - an ornate deck of wonders
 l - an ornate deck of defence
 q - a plain deck of wonders {drawn: 1}
 H - a stone of tremors
 T - a legendary deck of changes
Comestibles
 a - a slice of pizza
 b - 3 beef jerkies
 c - 4 bread rations


   Skills:
 + Level 16.2 Fighting
 + Level 18.8 Maces & Flails
 + Level 2.6 Throwing
 + Level 15.3 Armour
 + Level 6.3 Dodging
 + Level 0.2 Evocations


You had 13 spell levels left.
You didn't know any spells.

Dungeon Overview and Level Annotations

Branches:
Dungeon (11/15)            Temple (0/1) D:6            Lair (8/8) D:11
  Swamp (0/5) Lair:4        Slime (0/6) Lair:6          Orc (4/4) D:11
  Snake: Lair:3-6    Spider: Lair:3-6       Elf: Orc:3-4

Altars:
Cheibriados
Okawaru
Trog
Yredelemnul
Zin
Beogh
Jiyva

Shops:
Orc:4 [*}*

Portals:
Ossuary: D:5


Innate Abilities, Weirdness & Mutations

You reflexively headbutt those who attack you in melee.
You have a pair of horns on your head.


Message History

The orc shouts!
The warg barely misses you. You furiously retaliate!
You headbutt the warg!
You are too injured to fight recklessly!
You feel better. The warg bites you but does no damage.
The orc warrior closely misses you. The warg bites you but does no damage.
You sock the warg! You headbutt the warg!
You kill the warg!
Trog accepts your kill. Something appears at your feet! Trog grants you a gift!
The orc warrior hits you from afar with a glaive!!
* * * LOW HITPOINT WARNING * * *
v - a runed morningstar {god gift} The orc warrior barely misses you.
The orc priest barely misses you.
The orc warrior hits you but does no damage.
You bludgeon the orc priest!!
You kill the orc priest!
Trog accepts your kill.
The orc warrior hits you from afar with a glaive!!
You die...

........<.....#.....
.#........).........
##..#.#.).).)......
##...).))))))....... .
#......).).)..#..... ..
####...)..))).)........
#...##.##.)......)))[.......
.....#...##..)######.)(######
........#o#)@##.....[[).....#
.........oo)##.....)...).....
........)#oo(#.....[#####.....
........)o.o)#.......#.#......
.........#..o#.....#.....#....
.......###..#....###...###...
............#..#..#...))#..#.
##..........#..##...#∩#...##.
##..........#. #....∩.∩....#


You could see 4 orc warriors, an orc priest and 2 orcs.

Vanquished Creatures
  An orc warlord (Orc:4)
  4 hydras
  A catoblepas (Lair:8)
  20 death yaks
  Urug (Orc:2)
  A soul eater (Orc:2)
  3 orc high priests
  Erolcha (Orc:3)
  2 orc knights (Orc:3)
  A manticore (Lair:1)
  A griffon (Lair:4)
  4 ugly things (D:11)
  A sixfirhy (Orc:2)
  4 black mambas
  Joseph (D:8)
  A gargoyle (D:10)
  9 elephants
  2 fire drakes
  9 spiny frogs
  The ghost of EmilioHeskey the Cudgeler, an average OgBe of Trog (D:4)
  6 komodo dragons
  3 trolls
  A trapdoor spider zombie (D:10)
  18 blink frogs
  2 basilisks
  A wandering mushroom (Lair:6)
  A trapdoor spider (D:11)
  26 yaks
  A hungry ghost (D:10)
  Eustachio (D:8)
  A steam dragon (D:7)
  Grum (Orc:3)
  10 hippogriffs
  2 wargs
  14 wolves
  A soldier ant (D:11)
  12 porcupines
  12 water moccasins
  6 black bears
  26 orc warriors
  3 ice beasts
  5 ogres
  3 phantoms
  4 sky beasts
  A centaur (D:10)
  4 boring beetles
  12 crocodiles
  A big kobold (D:8)
  15 giant frogs
  4 scorpions
  6 killer bees (D:11)
  6 wights
  4 electric eels
  24 orc priests
  2 crimson imps
  A centaur zombie (D:5)
  A goliath beetle (D:6)
  2 jellies
  2 giant frog zombies
  8 iguanas
  A quasit (D:8)
  10 hounds
  A giant frog skeleton (D:5)
  6 worker ants
  32 orc wizards
  A killer bee zombie (D:7)
  13 sheep
  2 hound skeletons
  5 worker ant zombies
  4 gnolls (D:11)
  25 adders
  74 river rats
  A shadow imp (D:9)
  2 worms
  An adder skeleton (D:8)
  2 giant geckos
  4 oozes
  117 orcs
  15 bats
  10 giant cockroaches
  14 hobgoblins
  21 kobolds
  16 quokkas
  A giant gecko skeleton (D:4)
  A giant newt (D:7)
  22 goblins
  13 jackals
  A jackal skeleton (D:5)
  A jackal zombie (D:8)
  10 rats
  9 ballistomycetes
  A bush (Lair:1)
  21 fungi
  8 plants
786 creatures vanquished.

Vanquished Creatures (collateral kills)
  2 catoblepae (Lair:8)
  9 death yaks
  An orc high priest (Orc:4)
  A hill giant (D:8)
  4 elephants (Lair:8)
  An orc sorcerer (Orc:4)
  Psyche (D:9)
  A two-headed ogre (Orc:4)
  4 blink frogs (Lair:8)
  6 yaks
  A warg (Orc:3)
  6 orc warriors
  2 yak zombies (D:9)
  A goliath beetle (D:9)
  5 orc priests
  12 orc wizards
  A sheep (Lair:8)
  A shadow imp (D:9)
  An adder zombie (D:9)
  22 orcs
  A goblin (Orc:4)
83 creatures vanquished.

Vanquished Creatures (others)
  A hill giant (Lair:8)
  2 trolls
  A giant frog (D:6)
  2 orcs (Orc:3)
  3 giant spores
  20 fungi
  9 plants
38 creatures vanquished.

Grand Total: 907 creatures vanquished

Notes
Turn   | Place    | Note
--------------------------------------------------------------
     0 | D:1      | Dekkres, the Minotaur Berserker, began the quest for the Orb.
     0 | D:1      | Reached XP level 1. HP: 19/19 MP: 1/1
   193 | D:1      | Reached skill level 4 in Fighting
   193 | D:1      | Reached XP level 2. HP: 22/27 MP: 1/1
   586 | D:1      | Acquired Trog's second power
   597 | D:1      | Reached XP level 3. HP: 34/34 MP: 2/2
  1118 | D:2      | Found a bloodstained altar of Trog.
  1175 | D:2      | Reached XP level 4. HP: 36/41 MP: 2/2
  1464 | D:2      | Reached skill level 5 in Fighting
  1688 | D:3      | Reached XP level 5. HP: 6/48 MP: 2/2
  1694 | D:3      | Reached skill level 5 in Maces & Flails
  1939 | D:3      | Found a basalt altar of Yredelemnul.
  1941 | D:3      | Found a snail-covered altar of Cheibriados.
  2456 | D:4      | Reached XP level 6. HP: 48/56 MP: 3/3
  2602 | D:4      | Noticed EmilioHeskey's ghost (average OgBe)
  2612 | D:4      | Killed EmilioHeskey's ghost
  2612 | D:4      | Reached skill level 6 in Fighting
  2612 | D:4      | Reached XP level 7. HP: 63/63 MP: 3/3
  2705 | D:4      | Acquired Trog's third power
  2822 | D:4      | Received a gift from Trog
  2846 | D:4      | Got a twisted chain mail
  3290 | D:5      | Entered Level 5 of the Dungeon
  3418 | D:5      | Reached skill level 7 in Maces & Flails
  3500 | D:5      | Found a sand-covered staircase.
  3505 | D:5      | Reached skill level 5 in Armour
  3520 | D:5      | Reached XP level 8. HP: 73/73 MP: 3/3
  3923 | D:6      | Reached skill level 8 in Maces & Flails
  4415 | D:6      | Found an iron altar of Okawaru.
  4423 | D:6      | Reached skill level 9 in Maces & Flails
  4463 | D:6      | Found a staircase to the Ecumenical Temple.
  4889 | D:7      | Reached skill level 5 in Dodging
  4909 | D:7      | Reached XP level 9. HP: 75/82 MP: 4/4
  4938 | D:7      | Found a glowing silver altar of Zin.
  5445 | D:8      | Reached skill level 10 in Maces & Flails
  5698 | D:8      | Noticed a hill giant
  5700 | D:8      | Noticed Joseph
  5702 | D:8      | Killed a hill giant
  5702 | D:8      | Reached skill level 11 in Maces & Flails
  6238 | D:8      | Received a gift from Trog
  6319 | D:8      | Killed Joseph
  6319 | D:8      | Reached skill level 10 in Fighting
  6319 | D:8      | Reached XP level 10. HP: 50/93 MP: 4/4
  6633 | D:8      | Received a gift from Trog
  6663 | D:8      | Noticed Eustachio
  6712 | D:8      | Killed Eustachio
  6884 | D:8      | Identified a scroll of acquirement
  6983 | D:9      | Noticed Psyche
  6993 | D:9      | Killed Psyche
  6993 | D:9      | Reached skill level 1 in Throwing
  7280 | D:9      | Received a gift from Trog
  7749 | D:10     | Entered Level 10 of the Dungeon
  7797 | D:10     | Reached skill level 12 in Maces & Flails
  7993 | D:10     | Reached skill level 10 in Armour
  8641 | D:11     | Found a staircase to the Lair.
  8651 | D:11     | Noticed a brown ugly thing
  8660 | D:11     | Killed a brown ugly thing
  8806 | D:11     | Reached XP level 11. HP: 87/102 MP: 4/4
  8871 | D:11     | Received a gift from Trog
  9308 | D:11     | Noticed a purple ugly thing
  9312 | D:11     | Killed a purple ugly thing
  9411 | D:11     | Found a staircase to the Orcish Mines.
  9416 | D:11     | Reached skill level 13 in Maces & Flails
  9733 | Orc:1    | Entered Level 1 of the Orcish Mines
 10443 | Lair:1   | Entered Level 1 of the Lair of Beasts
 10686 | Lair:1   | Received a gift from Trog
 10787 | Lair:1   | Received a gift from Trog
 12194 | Lair:2   | Reached skill level 14 in Maces & Flails
 12531 | Lair:2   | Received a gift from Trog
 13058 | Lair:3   | Reached XP level 12. HP: 113/113 MP: 5/5
 13714 | Lair:4   | Reached skill level 15 in Maces & Flails
 13979 | Lair:4   | Received a gift from Trog
 14222 | Lair:4   | Found a staircase to the Swamp.
 14384 | Lair:4   | Noticed an eight-headed hydra
 14392 | Lair:4   | Killed an eight-headed hydra
 15378 | Lair:5   | Reached XP level 13. HP: 122/124 MP: 5/5
 15435 | Lair:6   | Received a gift from Trog
 15441 | Lair:6   | Reached skill level 16 in Maces & Flails
 15457 | Lair:6   | Got a jewelled great mace {god gift}
 15460 | Lair:6   | Identified the +2 great mace of Watchfulness {crush, rElec rC+} (Trog gifted it to you on level 6 of the Lair of Beasts)
 15782 | Lair:6   | Found a viscous altar of Jiyva.
 15784 | Lair:6   | Found a staircase to the Slime Pits.
 16129 | Lair:8   | Entered Level 8 of the Lair of Beasts
 16913 | Lair:8   | Received a gift from Trog
 16922 | Lair:8   | Reached skill level 17 in Maces & Flails
 17042 | Lair:8   | Reached skill level 15 in Fighting
 17318 | Lair:8   | Reached XP level 14. HP: 52/135 MP: 5/5
 18295 | Lair:8   | Reached skill level 18 in Maces & Flails
 18329 | Lair:8   | Received a gift from Trog
 18493 | Lair:8   | Reached skill level 15 in Armour
 19071 | D:11     | Received a gift from Trog
 19553 | Orc:2    | Found a roughly hewn altar of Beogh.
 19945 | Orc:1    | Received a gift from Trog
 20210 | Orc:2    | Noticed Urug
 20217 | Orc:2    | Killed Urug
 20365 | Orc:3    | Noticed Grum
 20369 | Orc:3    | Received a gift from Trog
 20380 | Orc:3    | Killed Grum
 20541 | Orc:3    | Noticed Erolcha
 20559 | Orc:3    | Killed Erolcha
 20697 | Orc:4    | Entered Level 4 of the Orcish Mines
 20706 | Orc:4    | Received a gift from Trog
 21100 | Orc:4    | Found Bafurgho's General Store.
 21100 | Orc:4    | Found Poeqyfaq's Assorted Antiques.
 21100 | Orc:4    | Found Wantuwib's Gadget Shop.
 21104 | Orc:4    | Found Omarhuusi's Armour Boutique.
 21132 | Orc:4    | Received a gift from Trog
 21462 | Orc:4    | Bought a bread ration for 65 gold pieces
 21462 | Orc:4    | Bought a bread ration for 65 gold pieces
 21464 | Orc:4    | Bought a legendary deck of changes for 312 gold pieces
 21465 | Orc:4    | Bought the +0 ring mail of the Hidden Beds {-Tele rElec rC+ rN+ MR+} for 350 gold pieces
 21559 | Orc:4    | Noticed an orc warlord
 21572 | Orc:4    | Killed an orc warlord
 21579 | Orc:4    | Received a gift from Trog
 21581 | Orc:4    | Slain by an orc warrior

Action                   |  1- 3 |  4- 6 |  7- 9 | 10-12 | 13-15 || total
-------------------------+-------+-------+-------+-------+-------++-------
Melee: Mace              |    95 |   116 |   115 |       |       ||   326
       Morningstar       |       |    12 |   230 |    83 |       ||   325
       Dire flail        |       |       |       |    68 |       ||    68
       Longbow           |       |       |       |     1 |       ||     1
       Great mace        |       |       |       |   543 |   644 ||  1187
Throw: Javelin           |       |       |       |     6 |       ||     6
       Tomahawk          |       |       |       |     5 |       ||     5
Invok: Berserk           |       |     5 |     6 |     4 |    10 ||    25
       Burn Spellbooks   |       |       |     1 |     1 |       ||     2
       Brothers in Arms  |       |       |     1 |     3 |    18 ||    22
Evoke: Deck              |       |       |       |       |     1 ||     1
  Use: Potion            |     1 |     4 |       |     5 |     5 ||    15
       Scroll            |       |     7 |     2 |    20 |     9 ||    38
  Eat: Meat ration       |       |     1 |     2 |     2 |     3 ||     8
       Bread ration      |       |     1 |     1 |     4 |     3 ||     9
       Fruit             |       |       |     3 |       |       ||     3
       Beef jerky        |       |       |     1 |       |       ||     1
       Chunk             |       |       |       |     8 |     6 ||    14
